 Dungeon Crawl Stone Soup version 0.26-a0-201-gb271ac0e06 (webtiles) character file.

Game seed: 1675734356547030218

6763 tilp the Covert (level 10, 49/49 HPs)
             Began as a Spriggan Enchanter on July 5, 2020.
             Was an Elder of Ru.
             Quit the game on level 9 of the Dungeon.
             The game lasted 00:22:22 (11412 turns).

tilp the Covert (Spriggan Enchanter)               Turns: 11412, Time: 00:22:22

Health: 49/49      AC:  9    Str:  4    XL:     10   Next: 75%
Magic:  21/21      EV: 24    Int: 20    God:    Ru [****..]
Gold:   304        SH: 12    Dex: 17    Spells: 10/22 levels left

rFire    . . .     SeeInvis +   a - +1 dagger (venom)
rCold    . . .     Faith    .   C - +0 buckler
rNeg     + . .     Spirit   .   x - +2 robe {rN+}
rPois    .         Reflect  +   (helmet restricted)
rElec    .         Harm     .   G - +0 cloak
rCorr    .                      (gloves unavailable)
MR       +....                  (boots unavailable)
Stlth    +++++.....             r - amulet of reflection
HPRegen  0.16/turn              z - +4 ring of protection
MPRegen  0.17/turn              (no ring)

@: very quick
A: very small, unfitting armour, see invisible, herbivore, speed 3, slow
metabolism 2, hated by all, inability to train armour, no air magic, no hexes
magic, no necromancy magic
a: Draw Out Power, Power Leap, Renounce Religion


You were on level 9 of the Dungeon.
You worshipped Ru.
Ru was greatly pleased with you.
You were very hungry.

You visited 2 branches of the dungeon, and saw 10 of its levels.
You also visited: Ossuary.

You collected 304 gold pieces.

Inventory:

Hand Weapons
 a - a +1 dagger of venom (weapon)
 b - a +2 scimitar of flaming
 n - a +2 falchion of holy wrath
 D - a +3 dagger
 K - a +2 antimagic short sword
Missiles
 k - 33 poisoned darts (quivered)
 q - 2 throwing nets
Armour
 x - a +2 robe of positive energy (worn)
 A - a scarf of repulsion
 C - a +0 buckler (worn)
 G - a +0 cloak (worn)
Jewellery
 r - an amulet of reflection (around neck)
 z - a +4 ring of protection (left hand)
Wands
 o - a wand of flame (24)
 J - a wand of disintegration (10)
Scrolls
 e - 3 scrolls of remove curse
 g - a scroll of fear {unknown}
 j - 3 scrolls of enchant weapon
 p - a scroll of enchant armour {unknown}
 t - 2 scrolls of amnesia
 v - a scroll of random uselessness {unknown}
 w - a scroll of teleportation
 y - a scroll of fog {unknown}
Potions
 d - 5 potions of curing
 f - 3 potions of degeneration {unknown}
 h - 3 potions of resistance
 i - 3 potions of mutation {unknown}
 l - 3 potions of berserk rage {unknown}
 m - 5 potions of brilliance
 s - 5 potions of heal wounds
 u - a potion of haste {unknown}
 B - a potion of experience {unknown}
 E - a potion of might {unknown}
 F - 2 potions of magic {unknown}
 H - a potion of flight {unknown}
 I - 2 potions of stabbing {unknown}
Comestibles
 c - 15 rations


   Skills:
 + Level 3.6 Fighting
 + Level 8.4 Short Blades
 + Level 8.8 Dodging
 + Level 12.5 Stealth
 - Level 4.0 Shields
 + Level 6.7 Spellcasting
   Level 0.0 Hexes


You had 10 spell levels left.
You knew the following spells:

 Your Spells              Type           Power        Failure   Level  Hunger
a - Corona                Hex            #......      12%         1    None
b - Ensorcelled Hibernat  Hex/Ice        #.....       19%         2    None
c - Confusing Touch       Hex            #.......     34%         3    #......
d - Tukima's Dance        Hex            #.......     34%         3    #......
e - Dazzling Flash        Conj/Hex       #.....       34%         3    #......

Your spell library contained the following spells:

 Spells                   Type           Power        Failure   Level  Hunger
 Shock                    Conj/Air       Unusable     N/A         1    N/A
 Swiftness                Chrm/Air       Unusable     N/A         2    N/A
 Static Discharge         Conj/Air       Unusable     N/A         3    N/A
 Airstrike                Air            Unusable     N/A         4    N/A
 Lightning Bolt           Conj/Air       Unusable     N/A         5    N/A

Dungeon Overview and Level Annotations

Branches:
Dungeon (9/15)             Temple (1/1) D:4         Ossuary (visited)
   Lair: D:8-11         Orc: D:9-12

Altars:
Ashenzari
Cheibriados
Dithmenos
Elyvilon
Fedhas
Gozag
Hepliaklqana
Kikubaaqudgha
Makhleb
Nemelex Xobeh
Okawaru
Qazlal
Ru
Sif Muna
Trog
Uskayaw
Vehumet
Wu Jian
Xom
Yredelemnul
Zin
The Shining One

Shops:
D:8 (


Innate Abilities, Weirdness & Mutations

You are very small and have problems with some larger weapons.
You are too small for most types of armour.
You have supernaturally acute eyesight. (SInv)
You are a herbivore.
You cover ground extremely quickly.
You need to consume almost no food.
You are hated by all.
You cannot train Armour skill.
You cannot study or cast Air magic.
You cannot study or cast Hexes magic.
You cannot study or cast Necromancy magic.


Message History

The two-headed ogre looks drowsy...
The helpless two-headed ogre fails to defend itself.
You skewer the two-headed ogre like a kebab!!!!
You kill the two-headed ogre!
Unknown command.
Things that are here:
a +0 giant spiked club x2; a two-headed ogre corpse You start resting.
Magic restored.
Ru believes you are ready to make a new sacrifice.
Ru asks you to sacrifice all use of: Air, Hexes, and Necromancy.
This is a significant sacrifice.
Piety after sacrifice: ****..
Do you really want to make this sacrifice?
You can no longer study or cast Air magic.
You can no longer study or cast Hexes magic.
You can no longer study or cast Necromancy magic.
Your Hexes skill lost 8 levels and is now at level 0!
You can now gather your power into a mighty leap.
Unknown command.
Are you sure you want to abandon this character and quit the game? (Confirm with "yes".)

### ... ##.##
... #.#
#@########
#......... #.
#.########
#...###.#.....##
#...............
###..##.#.....##
.... #.#.......
### #.#.#####.
#.#..


There were no monsters in sight!

Vanquished Creatures
  Harold (D:8)
  Erica (D:9)
  A two-headed ogre (D:9)
  Pikel (D:6)
  Joseph (D:8)
  Grinder (D:6)
  2 hippogriffs (D:7)
  Prince Ribbit (D:8)
  Menkaure (D:6)
  An orc warrior (D:8)
  A black bear (D:8)
  A hornet zombie (D:7)
  An eye of draining (D:9)
  4 ogres
  3 lemures (D:6)
  3 big kobolds
  6 bullfrogs
  2 elf zombies (Ossuary)
  3 scorpions
  A killer bee (D:7)
  11 wights
  3 howler monkeys
  A bullfrog zombie (D:8)
  3 centaur zombies (Ossuary)
  A quasit (D:6)
  A jelly (D:7)
  2 orc priests
  Crazy Yiuf (D:6)
  2 centaur skeletons (D:6)
  2 hounds
  5 orc wizards
  Ijyb (D:5)
  An iguana (D:9)
  3 worker ants
  A killer bee zombie (D:7)
  A big kobold zombie (Ossuary)
  2 mummies (Ossuary)
  2 hound skeletons
  Robin (D:3)
  10 adders
  2 shadow imps
  2 white imps
  An ufetubus (D:5)
  An ooze (D:1)
  2 adder skeletons
  An adder zombie (Ossuary)
  2 worms
  A dart slug (D:2)
  8 leopard geckos
  22 orcs
  5 giant cockroaches
  2 gnoll zombies (D:5)
  11 goblins
  11 hobgoblins
  9 jackals
  3 quokkas
  2 ball pythons
  5 bats
  5 frilled lizards
  3 goblin zombies (Ossuary)
  11 hobgoblin zombies (Ossuary)
  A jackal zombie (Ossuary)
  13 kobolds
  7 kobold zombies (Ossuary)
  A leopard gecko zombie (D:9)
  8 orc zombies (Ossuary)
  8 rats
237 creatures vanquished.

Notes
Turn   | Place    | Note
-------+----------+-------------------------------------------
     0 | D:1      | tilp the Spriggan Enchanter began the quest for the Orb.
     0 | D:1      | Reached XP level 1. HP: 9/9 MP: 5/5
   178 | D:1      | Reached XP level 2. HP: 6/13 MP: 4/7
   974 | D:1      | Learned a level 2 spell: Ensorcelled Hibernation
  1095 | D:2      | Reached skill level 5 in Stealth
  1158 | D:2      | Reached XP level 3. HP: 16/16 MP: 5/8
  1163 | D:2      | Learned a level 3 spell: Confusing Touch
  1608 | D:2      | Reached XP level 4. HP: 21/21 MP: 7/10
  1700 | D:2      | Found a bloodstained altar of Trog.
  2211 | D:3      | Noticed Robin
  2444 | D:3      | Found a shattered altar of Ashenzari.
  2885 | D:3      | Killed Robin
  2885 | D:3      | Reached skill level 5 in Hexes
  2885 | D:3      | Reached XP level 5. HP: 22/24 MP: 6/11
  3395 | D:4      | Found a staircase to the Ecumenical Temple.
  3408 | D:4      | Noticed an ogre
  3413 | D:4      | Killed an ogre
  3413 | D:4      | Reached skill level 6 in Stealth
  3437 | Temple   | Entered the Ecumenical Temple
  3580 | Temple   | Became a worshipper of Ru the Awakened
  3627 | D:4      | Reached XP level 6. HP: 17/28 MP: 8/13
  3809 | D:4      | Got an ancient robe
  3847 | D:4      | Reached skill level 7 in Stealth
  3998 | D:4      | You fall into a shaft and drop 1 floor!
  3998 | D:5      | Entered Level 5 of the Dungeon
  4531 | D:4      | Reached XP level 7. HP: 22/32 MP: 9/14
  4931 | D:4      | Learned a level 3 spell: Tukima's Dance
  4935 | D:4      | Learned a level 3 spell: Dazzling Flash
  4992 | D:5      | Reached skill level 8 in Stealth
  5177 | D:5      | Reached skill level 5 in Short Blades
  5430 | D:5      | Gained mutation: You cannot train Armour skill. [Ru
                  | sacrifice]
  5430 | D:5      | Reached * piety under Ru
  5581 | D:5      | Noticed Ijyb
  5596 | D:5      | Killed Ijyb
  5724 | D:5      | Reached skill level 5 in Spellcasting
  5870 | D:5      | Found a basalt altar of Yredelemnul.
  6091 | D:6      | Reached skill level 1 in Shields
  6098 | D:6      | Reached XP level 8. HP: 13/36 MP: 12/17
  6453 | D:6      | Noticed Grinder
  6459 | D:6      | Killed Grinder
  6520 | D:6      | Identified the +2 robe "Piry" {rN+} (You found it on level
                  | 4 of the Dungeon)
  6542 | D:6      | Found a runed translucent door.
  6543 | D:6      | Noticed Crazy Yiuf
  6655 | D:6      | Found a white marble altar of Elyvilon.
  6893 | D:6      | Noticed Pikel
  7017 | D:6      | Got a masterwork long sword
  7048 | D:6      | Killed Pikel
  7254 | D:6      | Noticed Menkaure
  7261 | D:6      | Killed Menkaure
  7261 | D:6      | Reached XP level 9. HP: 39/39 MP: 19/19
  7346 | D:6      | Killed Crazy Yiuf
  7346 | D:6      | Reached skill level 9 in Stealth
  7359 | D:6      | Identified the +1 long sword "Doatexobb" {pain, Str-3 Dex+4
                  | Stlth+} (You found it on level 6 of the Dungeon)
  7594 | D:7      | Found a burning altar of Makhleb.
  8012 | D:7      | Reached skill level 10 in Stealth
  8927 | D:7      | Reached skill level 11 in Stealth
  9212 | D:7      | Gained mutation: You are hated by all. [Ru sacrifice]
  9212 | D:7      | Reached ** piety under Ru
  9212 | D:7      | Reached *** piety under Ru
  9235 | D:8      | Noticed Harold
  9245 | D:8      | Killed Harold
  9245 | D:8      | Reached skill level 12 in Stealth
  9245 | D:8      | Reached skill level 1 in Fighting
  9311 | D:8      | Found a sand-covered staircase.
  9320 | Ossuary  | Entered an ossuary
  9551 | Ossuary  | Reached XP level 10. HP: 37/46 MP: 20/20
  9555 | Ossuary  | Reached skill level 5 in Dodging
  9928 | D:8      | Noticed Prince Ribbit
  9952 | D:8      | Killed Prince Ribbit
 10031 | D:8      | Noticed Joseph
 10046 | D:8      | Killed Joseph
 10210 | D:8      | Found Rumerr's Weapon Boutique.
 10548 | D:8      | Found a glowing silver altar of Zin.
 10875 | D:9      | Noticed Erica
 10896 | D:9      | Killed Erica
 11169 | D:9      | Noticed a two-headed ogre
 11258 | D:9      | Killed a two-headed ogre
 11411 | D:9      | Gained mutation: You cannot study or cast Air magic. [Ru
                  | sacrifice]
 11411 | D:9      | Gained mutation: You cannot study or cast Hexes magic. [Ru
                  | sacrifice]
 11411 | D:9      | Gained mutation: You cannot study or cast Necromancy magic.
                  | [Ru sacrifice]
 11411 | D:9      | Reached **** piety under Ru
 11412 | D:9      | Quit the game

Illustrated notes

Levels and vault maps discovered:
D:1:      lightli_arrival_statue_moat, layout_rooms,
          chequers_serial_rivers_marsh, minmay_ruptured
D:2:      layout_basic, trog_three_pillars_becter
D:3:      layout_loops_ring, cheibrodos_ashenzari_chains, uniq_robin
D:4:      layout_basic, minmay_temple_entry_nine_rooms
D:5:      layout_loops_cross, lemuel_zombie_altar_yredelemnul, first_ration,
          uniq_ijyb
D:6:      layout_basic, elyvilon_altar_4, uniq_pikel, uniq_grinder,
          uniq_crazy_yiuf_cottage, uniq_menkaure
D:7:      minmay_opposing_rooms, layout_basic, kennysheep_mini,
          solitary_fountain, st_stairs_3
D:8:      layout_basic, kennysheep_little_box, nicolae_ossuary_entry_ruins,
          serial_shops, nicolae_shop_crystal, blue_anna_alchemist
          [blue_anna_fruit_fields, blue_anna_fruit_fields], uniq_harold,
          uniq_prince_ribbit1, uniq_joseph
D:9:      minmay_the_grid_triangle_9x9_rhombus_thin
          [minmay_the_grid_triangle_9x9_pentomino_pain,
          minmay_the_grid_triangle_9x9_prize_insulated,
          minmay_the_grid_triangle_9x9_steps,
          minmay_the_grid_triangle_9x9_shrine], layout_basic, david_orc_3,
          serial_shops, nicolae_shop_temple_entry_statues_fountains, uniq_erica
Temple:   regret_index_temple_mists

Skill      XL: |  1  2  3  4  5  6  7  8  9 10 |
---------------+-------------------------------+-----
Spellcasting   | 3 4 5 6 |  6.7
Hexes          | 4 5 6 7 8 0 |  0.0
Stealth        | 5 6 7 8 12 | 12.5
Short Blades   | 2 3 4 5 8 |  8.4
Shields        | 1 4 |  4.0
Fighting       | 2 3 |  3.6
Dodging        | 4 8 |  8.8

Action                   |  1- 3 |  4- 6 |  7- 9 | 10-12 || total
-------------------------+-------+-------+-------+-------++-------
Melee: Dagger            |   117 |   131 |   288 |   204 ||   740
       Falchion          |       |       |    60 |    58 ||   118
       Short sword       |       |       |       |     3 ||     3
Throw: Dart              |       |     1 |       |       ||     1
 Cast: Corona            |     4 |       |       |       ||     4
       Ensorcelled Hiber |    13 |    26 |    38 |    31 ||   108
       Confusing Touch   |       |     2 |    11 |     4 ||    17
Invok: Sacrifice Durabil |       |       |     1 |       ||     1
       Sacrifice Love    |       |       |     1 |       ||     1
       Sacrifice Arcana  |       |       |       |     1 ||     1
  Use: Scroll            |       |     3 |     9 |     2 ||    14
 Stab: Sleeping          |    16 |    27 |    42 |    12 ||    97
       Confused          |       |     2 |    13 |     5 ||    20
       Distracted        |       |     1 |       |     1 ||     2
  Eat: Ration            |       |     1 |     3 |     1 ||     5
Armor: Robe              |    21 |     9 |    39 |    20 ||    89
Dodge: Dodged            |   108 |    63 |   160 |    72 ||   403
       Repelled          |       |       |     1 |       ||     1
Block: Other             |       |     5 |    30 |       ||    35
       Reflection        |       |       |     2 |     4 ||     6
       Buckler           |       |       |    37 |    89 ||   126
       Rpst.: Falchion   |       |       |    12 |     5 ||    17

Table legend:
 A = Non-vault XP
 B = Vault XP
 C = Vault XP percentage of total XP
 D = Non-vault monster count
 E = Vault monster count
 F = Vault count percentage of total count
                 A         B        C        D         E       F
            +---------+---------+-------+---------+---------+-------
      Total |    4551 |    5111 |  52.9 |     156 |      77 |  33.0
            +---------+---------+-------+---------+---------+-------
        D:1 |      32 |       4 |  11.1 |      16 |       3 |  15.8
        D:2 |      93 |       8 |   7.9 |      22 |       4 |  15.4
        D:3 |      70 |      29 |  29.3 |      15 |       8 |  34.8
        D:4 |     462 |       0 |   0.0 |      16 |       0 |   0.0
        D:5 |     429 |      40 |   8.5 |      12 |       3 |  20.0
        D:6 |     552 |    1120 |  67.0 |      19 |       4 |  17.4
        D:7 |     960 |     538 |  35.9 |      27 |       6 |  18.2
        D:8 |     670 |    1807 |  73.0 |      14 |       4 |  22.2
        D:9 |    1283 |    1142 |  47.1 |      15 |       7 |  31.8
    Ossuary |       0 |     423 | 100.0 |       0 |      38 | 100.0
            +---------+---------+-------+---------+---------+-------
